 Dungeon Crawl Stone Soup version 0.29.1-14-g9c671dbff4 (webtiles) character file.

Game seed: 17118524122719484802

150549 Smoke131 the Grappler (level 16, -6/162 HPs)
             Began as a Troll Gladiator on Feb 20, 2023.
             Was a High Priest of Okawaru.
             Killed by the air
             ... invoked by a wind drake
              (11 damage)
             ... on level 4 of the Shoals.
             The game lasted 01:51:55 (24385 turns).

Smoke131 the Grappler (Troll Gladiator)            Turns: 24385, Time: 01:51:56

Health: -6/162     AC: 16    Str: 30    XL:     16   Next: 99%
Magic:  22/22      EV: 12    Int:  4    God:    Okawaru [*****.]
Gold:   672        SH: 15    Dex: 13    Spells: 15/15 levels left

rFire   + . .      SeeInvis .     - Unarmed
rCold   . . .      Faith    .   U - +4 kite shield
rNeg    + . .      Spirit   .   y - +0 acid dragon scales
rPois   +          Reflect  .   m - +2 hat {Stlth+}
rElec   .          Harm     .   s - +2 cloak {Will+}
rCorr   +          Rampage  .   (gloves unavailable)
Will    +....                   (boots unavailable)
Stlth   ++........              C - amulet of regeneration
HPRegen 1.97/turn               t - ring of Dawn {Fly rF+ rN+ Will-}
MPRegen 0.18/turn               l - ring of poison resistance

@: flying
A: large, unfitting armour, claws 3, regeneration 1, shaggy fur 1, tough skin 1
a: Renounce Religion, Heroism, Finesse, Duel


You were on level 4 of the Shoals.
You worshipped Okawaru.
Okawaru was extremely pleased with you.
You visited 5 branches of the dungeon, and saw 24 of its levels.
You also visited: Volcano.

You collected 2105 gold pieces.
You spent 1433 gold pieces at shops.

Inventory:

Hand Weapons
 I - a +3 flail of protection
Missiles
 a - 7 atropa-tipped darts
 c - 11 throwing nets
 d - 33 large rocks (quivered)
 e - 37 boomerangs
 h - 13 curare-tipped darts
 j - 18 poisoned darts
 F - 3 javelins
 M - 6 boomerangs of dispersal
Armour
 m - a +2 hat of stealth (worn)
 s - a +2 cloak of willpower (worn)
 y - +0 acid dragon scales (worn)
 Q - the +2 cloak of Contumacious the Good {Dex+7 Stlth+}
   (Okawaru gifted it to you on level 10 of the Dungeon)

   Dex:       It affects your dexterity (+7).
   Stlth:     It makes you more stealthy.
 U - a +4 kite shield (worn)
Jewellery
 f - a ring of protection from cold
 k - a ring of flight
 l - a ring of poison resistance (right claw)
 p - a ring of protection from fire
 q - the ring "Ynaithru" {rPois Int+3}
   (You found it on level 4 of the Shoals)

   [ring of poison resistance]

   Int:       It affects your intelligence (+3).
   rPois:     It protects you from poison.
 t - the ring of Dawn (left claw) {Fly rF+ rN+ Will-}
   (You bought it in a shop on level 2 of the Orcish Mines)

   [ring of flight]

   rF:        It protects you from fire.
   rN:        It protects you from negative energy.
   Fly:       It grants you flight.
   Will:      It decreases your willpower.
 B - a +4 ring of evasion
 C - an amulet of regeneration (around neck)
 P - a ring of willpower
 V - a ring of positive energy
Wands
 b - a wand of flame (11)
 n - a wand of quicksilver (13)
 x - a wand of digging (13)
 T - a wand of mindburst (10)
 X - a wand of polymorph (10)
Scrolls
 g - 4 scrolls of poison
 u - 7 scrolls of teleportation
 z - 5 scrolls of identify
 D - 2 scrolls of amnesia
 E - a scroll of torment
 J - 2 scrolls of fear
 N - a scroll of silence
 R - 5 scrolls of enchant weapon
Potions
 i - a potion of resistance
 o - 6 potions of curing
 r - 2 potions of brilliance
 v - 6 potions of mutation
 w - 3 potions of ambrosia
 A - a potion of invisibility
 G - 5 potions of lignification
 H - a potion of berserk rage
 O - 3 potions of flight
 S - 6 potions of might
 W - 2 potions of cancellation


   Skills:
 + Level 11.1 Fighting
 + Level 11.3 Throwing
 + Level 11.1 Armour
 - Level 10.0 Dodging
 - Level 10.0 Shields
 + Level 12.3 Unarmed Combat
 - Level 10.0 Invocations


You had 15 spell levels left.
You didn't know any spells.
Your spell library contained the following spells:

 Spells                   Type           Power      Damage    Failure   Level
 Beastly Appendage        Tmut           0%         N/A       77%         1
 Shock                    Conj/Air       0%         1d3       77%         1
 Ensorcelled Hibernation  Hex/Ice        0%         N/A       88%         2
 Passwall                 Tmut/Erth      0%         N/A       88%         2
 Sublimation of Blood     Necr           0%         N/A       88%         2
 Wereblood                Tmut           0%         N/A       88%         2
 Conjure Flame            Conj/Fire      0%         6-21      98%         3
 Ignite Poison            Fire/Tmut/Pois 0%         N/A       98%         3
 Ozocubu's Armour         Ice            0%         N/A       98%         3
 Portal Projectile        Hex/Tloc       0%         N/A       98%         3
 Spider Form              Tmut/Pois      0%         N/A       98%         3
 Swiftness                Air            0%         N/A       98%         3
 Airstrike                Air            0%         2d(0-16)  100%        4
 Fulminant Prism          Conj/Hex       0%         3d6       100%        4
 Hailstorm                Conj/Ice       0%         3d3       100%        4
 Ice Form                 Ice/Tmut       0%         N/A       100%        4
 Iskenderun's Mystic Bla  Conj/Tloc      0%         2d3       100%        4
 Leda's Liquefaction      Hex/Erth       0%         N/A       100%        4
 Sticky Flame             Conj/Fire      0%         2d3       100%        4
 Alistair's Intoxication  Tmut/Pois      0%         N/A       100%        5
 Blade Hands              Tmut           0%         N/A       100%        5
 Borgnjor's Vile Clutch   Necr/Erth      0%         N/A       100%        5
 Irradiate                Conj/Tmut      0%         3d11      100%        5
 Lee's Rapid Deconstruct  Erth           0%         3d5*      100%        5
 Eringya's Noxious Bog    Tmut/Pois      0%         N/A       100%        6
 Statue Form              Tmut/Erth      0%         N/A       100%        6
 Dragon Form              Tmut           0%         N/A       100%        7
 Ozocubu's Refrigeration  Ice            0%         4d7       100%        7
 Tukima's Dance           Hex            Unusable   N/A       N/A         3
 Simulacrum               Ice/Necr       Unusable   N/A       N/A         6
 Summon Hydra             Summ           Unusable   N/A       N/A         7

Dungeon Overview and Level Annotations

Branches:
Dungeon (12/15)            Temple (1/1) D:5            Lair (5/5) D:11
 Shoals (4/4) Lair:3       Spider (0/4) Lair:2        Slime (0/5) Lair:5
    Orc (2/2) D:12            Elf (0/3) Orc:2       Volcano (visited)

Altars:
Ashenzari
Cheibriados
Dithmenos
Elyvilon
Gozag
Hepliaklqana
Kikubaaqudgha
Makhleb
Nemelex Xobeh
Okawaru
Qazlal
Ru
Sif Muna
Trog
Uskayaw
Vehumet
Wu Jian
Xom
Zin
The Shining One
Jiyva

Shops:
D:9 ??*?   D:10 *   D:12 ?:   Orc:2 **[=

Portals:
Hell: Lair:5
Pandemonium: Orc:2

Annotations:
Shoals:2 3 runed translucent doors, Eschuoni's ghost, journeyman HOFi


Innate Abilities, Weirdness & Mutations

You are too large for most types of armour.
You have claws for hands.
Your natural rate of healing is unusually fast.
You are covered in fur. (AC +1)
You have tough skin. (AC +1)


Message History

The wind drake flaps its wings at you. The air twists around and strikes you!
* * * LOW HITPOINT WARNING * * *
The merfolk throws a boomerang.
The boomerang hits you but does no damage.
The merfolk aquamancer is engulfed in a cloud of scalding steam.
The merfolk aquamancer attacks as you move away!
The merfolk aquamancer closely misses you.
You block the merfolk aquamancer's attack.
The wind drake is engulfed in a cloud of scalding steam.
The merfolk aquamancer attacks as you move away!
You block the merfolk aquamancer's attack.
The merfolk aquamancer attacks as you move away!
You block the merfolk aquamancer's attack.
The merfolk aquamancer attacks as you move away!
The merfolk aquamancer hits you with a +2 rapier of freezing!
* * * LOW HITPOINT WARNING * * *
The merfolk aquamancer freezes you.
* * * LOW HITPOINT WARNING * * *
The merfolk throws a boomerang.
The boomerang hits you.
* * * LOW HITPOINT WARNING * * *
The merfolk impaler closely misses you.
The merfolk aquamancer attacks as you move away!
You block the merfolk aquamancer's attack.
The merfolk aquamancer casts a spell at you.
The torrent of water misses you.
The wave splashes down.
The wind drake flaps its wings at you. The air twists around and strikes you!
* * * LOW HITPOINT WARNING * * *
The merfolk throws a boomerang.
The boomerang hits you!
* * * LOW HITPOINT WARNING * * *
You hear a shout! x3
The merfolk aquamancer attacks as you move away!
The merfolk aquamancer hits you with a +2 rapier of freezing.
* * * LOW HITPOINT WARNING * * *
The merfolk aquamancer freezes you.
* * * LOW HITPOINT WARNING * * *
The wind drake flaps its wings at you. The air twists around and strikes you!
You die...

~~~~~~............<...
~~~~~~~~.................
~P~≈~~~~~~............[.)..
~~≈≈≈~~~~~~...............[
~~≈≈≈≈~~~~~.....≈#≈#≈..[}..
~≈≈≈≈≈~~~.~....≈#≈≈≈#≈.....
~≈≈≈≈≈≈≈~~.....#≈≈≈≈≈#.....
~~~≈≈≈≈≈≈~~#....≈≈≈≈≈≈≈.....
..~~~≈≈~~≈≈~~~~~@....#≈≈≈≈≈#.....
...~~~~~~~~~~~~~~~...≈#≈≈≈#≈.....
..≈≈~~~≈≈~~~~~~mm~....≈#≈#≈......
~≈≈≈~~≈≈≈~~~~~~~~~...........~~~~
~≈≈≈≈≈~~~~~~~m~~~~..........~~~~~
~P≈≈≈≈~~~~~~~~k~~~.........~~~~~~
~~~≈≈≈~~~~~~..)~[~.........~~~≈≈≈
~~~~~≈~)~m.~~.)............~~~≈≈≈
~P~~~~~~.~~~~.#............~~~≈≈≈


You could see 2 merfolk impalers, a merfolk aquamancer, a wind drake (repels
missiles) and a merfolk.

Vanquished Creatures
  Jorgrun (D:12)
  Ilsuiw (Shoals:4)
  2 orc warlords
  A stone giant (Volcano)
  A dire elephant (Lair:5)
  Snorg (D:11)
  4 merfolk javelineers (Shoals:4)
  8 merfolk impalers
  A yaktaur captain (D:11)
  Fannar (D:12)
  4 hydras
  A death knight (D:11)
  An ogre mage (D:11)
  3 boulder beetles
  3 demonspawn (Orc:2)
  An alligator snapping turtle (Shoals:4)
  A catoblepas (Lair:5)
  3 merfolk avatars
  3 merfolk aquamancers
  2 centaur warriors
  2 satyrs
  4 death yaks (Lair:4)
  7 two-headed ogres
  7 orc high priests (Orc:2)
  2 sun demons
  Sonja (Lair:3)
  Amaemon (D:11)
  A sixfirhy (Orc:2)
  2 swamp dragons (Lair:5)
  7 sea snakes
  3 skeletal warriors (D:12)
  9 harpies
  A wizard (Lair:5)
  5 orc knights (Orc:2)
  19 fauns
  7 orc sorcerers
  6 cyclopes
  3 ugly things
  4 manticores
  8 elephants
  5 water nymphs
  4 black mambas
  8 merfolk sirens
  A gargoyle (D:12)
  A smoke demon (Orc:2)
  13 cane toads
  2 unseen horrors
  5 rime drakes
  5 komodo dragons
  Maggie (D:6)
  6 orange demons
  A torpor snail (Lair:1)
  An efreet (Volcano)
  A hellwing (Lair:5)
  An ice devil (Lair:5)
  19 merfolk
  12 trolls
  5 wind drakes
  A red devil (Orc:2)
  9 polar bears
  9 snapping turtles
  Prince Ribbit (D:5)
  15 slime creatures
  6 blink frogs
  5 dream sheep
  Sigmund (D:4)
  10 water elementals
  3 shadows
  3 wyverns
  A wraith (D:5)
  4 basilisks
  41 yaks
  2 fire elementals (Volcano)
  4 redbacks (Lair:2)
  3 fire bats (Lair:2)
  2 steam dragons (D:8)
  8 vampire mosquitoes
  Edmund (D:5)
  8 wargs
  3 hell hounds (Lair:5)
  14 water moccasins
  7 black bears
  37 orc warriors
  An ice beast (D:7)
  9 ogres
  A boggart (D:11)
  10 centaurs
  10 wolves
  2 phantoms (D:6)
  3 kobold brigands
  14 bullfrogs
  2 necrophages
  An earth elemental (Volcano)
  3 scorpions (D:5)
  4 howler monkeys
  4 hounds
  2 jellies
  Crazy Yiuf (D:5)
  24 orc priests
  4 iguanas
  Jessica (D:2)
  24 orc wizards
  Robin (D:3)
  3 gnolls (D:7)
  7 adders
  A shadow imp (D:4)
  3 white imps
  An ufetubus (D:6)
  3 worms
  61 orcs
  7 endoplasms
  5 giant cockroaches
  11 hobgoblins
  12 kobolds
  5 quokkas
  12 ball pythons
  4 bats
  9 frilled lizards (D:1)
  20 goblins
  2 rats (D:1)
718 creatures vanquished.

Vanquished Creatures (others)
  A merfolk siren (Shoals:4)
  A water elemental (Shoals:1)
  8 fungi
  31 plants
41 creatures vanquished.

Grand Total: 759 creatures vanquished

Notes
Turn   | Place    | Note
-------+----------+-------------------------------------------
     0 | D:1      | Smoke131 the Troll Gladiator began the quest for the Orb.
     0 | D:1      | Reached XP level 1. HP: 19/19 MP: 0/0
    61 | D:1      | Reached XP level 2. HP: 28/28 MP: 1/1
   373 | D:1      | Reached XP level 3. HP: 35/35 MP: 2/2
   546 | D:2      | Noticed Jessica
   552 | D:2      | Killed Jessica
   553 | D:2      | Reached skill level 1 in Armour
   553 | D:2      | Reached XP level 4. HP: 42/42 MP: 3/3
   647 | D:2      | Identified the +2 leather armour "Avek" {-Tele Str+4 Slay+5
                  | Stlth+}
  1338 | D:3      | Noticed a black bear
  1415 | D:3      | Killed a black bear
  1416 | D:3      | Reached XP level 5. HP: 49/50 MP: 4/4
  1726 | D:3      | Found a faded altar of an unknown god.
  2187 | D:4      | Noticed Robin
  2224 | D:3      | Reached skill level 4 in Unarmed Combat
  2246 | D:3      | Killed Robin
  2247 | D:3      | Reached XP level 6. HP: 52/59 MP: 5/5
  2277 | D:4      | Noticed Sigmund
  2293 | D:4      | Killed Sigmund
  2635 | D:4      | Reached XP level 7. HP: 50/67 MP: 6/6
  2963 | D:5      | Entered Level 5 of the Dungeon
  2963 | D:5      | Found a staircase to the Ecumenical Temple.
  2975 | Temple   | Entered the Ecumenical Temple
  2984 | Temple   | Became a worshipper of Warmaster Okawaru
  3280 | D:5      | Noticed Edmund
  3396 | D:5      | Killed Edmund
  3397 | D:5      | Reached skill level 5 in Unarmed Combat
  3397 | D:5      | Reached skill level 1 in Invocations
  3397 | D:5      | Reached XP level 8. HP: 33/78 MP: 7/7
  3606 | D:5      | Reached * piety under Okawaru
  3668 | D:5      | Found a runed translucent door.
  3669 | D:5      | Noticed Crazy Yiuf
  3675 | D:5      | Killed Crazy Yiuf
  3893 | D:5      | Noticed Prince Ribbit
  3910 | D:5      | Killed Prince Ribbit
  4317 | D:6      | Reached ** piety under Okawaru
  4627 | D:6      | Reached XP level 9. HP: 85/85 MP: 10/10
  4644 | D:6      | Noticed Maggie
  4658 | D:6      | Killed Maggie
  4659 | D:6      | Reached skill level 5 in Throwing
  4659 | D:6      | Reached skill level 6 in Unarmed Combat
  4785 | D:6      | Reached skill level 5 in Dodging
  5115 | D:7      | Reached *** piety under Okawaru
  5145 | D:7      | Found a white marble altar of Elyvilon.
  5374 | D:7      | Reached skill level 5 in Fighting
  5782 | D:8      | Identified the +6 dagger "Rilaf" {vorpal, rF+ Stlth+}
  6046 | D:8      | Found a sacrificial altar of Ru.
  6406 | D:9      | Reached XP level 10. HP: 96/96 MP: 12/12
  6410 | D:9      | Reached **** piety under Okawaru
  6417 | D:9      | Noticed a two-headed ogre
  6418 | D:9      | Reached skill level 5 in Armour
  6431 | D:9      | Killed a two-headed ogre
  6433 | D:9      | Reached skill level 7 in Unarmed Combat
  6528 | D:9      | Received a gift from Okawaru
  6663 | D:9      | Found Dielibre's Magic Scroll Emporium.
  6666 | D:9      | Found Molenem's Assorted Antiques.
  6667 | D:9      | Found Joipumm's Magic Scroll Emporium.
  6668 | D:9      | Found Kefysury's Magic Scroll Emporium.
  6671 | D:9      | Bought a scroll of fear for 56 gold pieces
  6671 | D:9      | Bought a scroll of identify for 28 gold pieces
  6686 | D:9      | Bought a scroll of blinking for 105 gold pieces
  6695 | D:9      | Bought a scroll of fear for 60 gold pieces
  6695 | D:9      | Bought a scroll of identify for 30 gold pieces
  6695 | D:9      | Bought a scroll of identify for 30 gold pieces
  6695 | D:9      | Bought a scroll of identify for 30 gold pieces
  6695 | D:9      | Bought a scroll of identify for 30 gold pieces
  6703 | D:9      | Bought a scroll labelled FEMOCHAOBY for 30 gold pieces
  6716 | D:9      | You fall into a shaft and drop 2 floors!
  6723 | D:10     | Entered Level 10 of the Dungeon
  6749 | D:10     | Found a glowing silver altar of Zin.
  6893 | D:10     | Found Kodeep's General Store.
  6897 | D:10     | Bought 3 boomerangs for 18 gold pieces
  6978 | D:10     | Noticed a two-headed ogre
  6992 | D:10     | Killed a two-headed ogre
  6992 | D:10     | Reached ***** piety under Okawaru
  6993 | D:10     | Reached skill level 5 in Invocations
  7023 | D:10     | Found a bloodstained altar of Trog.
  7182 | D:10     | Received a gift from Okawaru
  7933 | D:9      | Reached XP level 11. HP: 96/105 MP: 14/14
  8102 | D:11     | Noticed a two-headed ogre
  8381 | D:9      | Killed a two-headed ogre
  8423 | D:10     | Identified the +2 cloak of Contumacious the Good {Dex+7
                  | Stlth+} (Okawaru gifted it to you on level 10 of the
                  | Dungeon)
  8423 | D:10     | Received a gift from Okawaru
  8474 | D:11     | Reached skill level 8 in Unarmed Combat
  8501 | D:11     | Noticed Snorg
  8516 | D:11     | Killed Snorg
  8592 | D:11     | Noticed a two-headed ogre
  8605 | D:11     | Killed a two-headed ogre
  8685 | D:11     | Found a staircase to the Lair.
  8722 | D:11     | Noticed Amaemon
  8723 | D:11     | Noticed a brown ugly thing
  8801 | D:11     | Killed Amaemon
  8879 | D:11     | Noticed a two-headed ogre
  8882 | D:11     | Killed a brown ugly thing
  8887 | D:11     | Killed a two-headed ogre
  8910 | D:11     | Received a gift from Okawaru
  9284 | D:11     | Noticed a yaktaur captain
  9284 | D:11     | Noticed an eight-headed hydra
  9284 | D:11     | Noticed an ogre mage
  9346 | D:11     | Reached XP level 12. HP: 118/118 MP: 15/15
  9385 | D:11     | Killed an ogre mage
  9411 | D:11     | Killed a yaktaur captain
  9411 | D:11     | Noticed a death knight
  9433 | D:11     | Killed a death knight
  9434 | D:11     | Reached skill level 9 in Unarmed Combat
  9475 | D:11     | Noticed a boulder beetle
  9487 | D:11     | Killed an eight-headed hydra
  9517 | D:11     | Killed a boulder beetle
  9576 | D:11     | Noticed a two-headed ogre
  9580 | D:11     | Killed a two-headed ogre
  9786 | Lair:1   | Entered Level 1 of the Lair of Beasts
 10193 | Lair:1   | Received a gift from Okawaru
 10280 | Lair:1   | Reached ****** piety under Okawaru
 10281 | Lair:1   | Reached skill level 1 in Shields
 10940 | Lair:2   | Noticed an eight-headed hydra
 10947 | Lair:2   | Killed an eight-headed hydra
 10947 | Lair:2   | Received a gift from Okawaru
 11145 | Lair:2   | Found a hole to the Spider Nest.
 11296 | Lair:2   | Found a dark tunnel.
 11311 | Volcano  | Entered a volcano
 11404 | Volcano  | Noticed a stone giant
 11409 | Volcano  | Killed a stone giant
 11449 | Volcano  | Reached XP level 13. HP: 122/127 MP: 10/18
 12075 | Lair:3   | Identified the +1 troll leather armour of the Forsaken
                  | Shrikes {Drain rF++ rC++ Regen+ Int+4} (Okawaru gifted it
                  | to you on level 3 of the Lair of Beasts)
 12075 | Lair:3   | Received a gift from Okawaru
 12157 | Lair:3   | Noticed Sonja
 12177 | Lair:3   | Killed Sonja
 12651 | Lair:3   | Found a staircase to the Shoals.
 12998 | Lair:3   | Reached XP level 14. HP: 136/136 MP: 19/19
 13175 | Lair:4   | Reached skill level 10 in Unarmed Combat
 13881 | Lair:5   | Entered Level 5 of the Lair of Beasts
 14282 | Lair:5   | Found a staircase to the Slime Pits.
 14282 | Lair:5   | Found a viscous altar of Jiyva.
 14771 | Lair:5   | Identified the +1 robe of the Eternal Fruit {Rampage rN++
                  | Int+2 Dex-5}
 14822 | Lair:5   | Received a gift from Okawaru
 14895 | Lair:5   | Reached XP level 15. HP: 145/145 MP: 21/21
 15154 | Lair:5   | Found a burning altar of Makhleb.
 15163 | Lair:5   | Reached skill level 10 in Invocations
 15447 | Lair:5   | Found a gateway to Hell.
 15455 | Lair:5   | Identified the +4 scale mail "Votufou" {Fly}
 16067 | D:12     | Found a staircase to the Orcish Mines.
 16227 | D:12     | Identified the +5 broad axe "Mikeceur" {freeze, Str+4}
                  | (Okawaru gifted it to you on level 12 of the Dungeon)
 16227 | D:12     | Received a gift from Okawaru
 16273 | D:12     | Noticed Jorgrun
 16298 | D:12     | Killed Jorgrun
 16456 | D:12     | Found the +7 staff of the Meek {protect, meekguard}
 16641 | D:12     | Found Ohenaqagg's Magic Scroll Shoppe.
 16644 | D:12     | Bought a scroll of fear for 44 gold pieces
 16703 | D:12     | Found Luhuekh's Tremendous Tomes.
 16883 | Orc:1    | Entered Level 1 of the Orcish Mines
 16883 | Orc:1    | Noticed Fannar
 16886 | Orc:1    | Noticed an orc warlord
 16902 | D:12     | Killed Fannar
 16975 | Orc:1    | Killed an orc warlord
 16976 | Orc:1    | Reached skill level 10 in Throwing
 17091 | Orc:1    | Noticed an orc warlord
 17141 | D:12     | Killed an orc warlord
 17376 | Orc:2    | Entered Level 2 of the Orcish Mines
 17415 | Orc:2    | Found a staircase to the Elven Halls.
 17760 | Orc:2    | Found a shimmering altar of Xom.
 17975 | Orc:2    | Found Unudongi's General Store.
 17990 | Orc:2    | Received a gift from Okawaru
 18035 | Orc:2    | Found Cadwur's General Store.
 18085 | Orc:2    | Bought a scroll of enchant armour for 97 gold pieces
 18259 | Orc:2    | Reached skill level 10 in Dodging
 18367 | Orc:2    | Found Yhehaja's Jewellery Emporium.
 18367 | Orc:2    | Found Acyd's Antique Armour Shoppe.
 18368 | Orc:2    | Found a one-way gate leading to the halls of Pandemonium.
 18389 | Orc:2    | Bought a ring of poison resistance for 340 gold pieces
 19104 | Shoals:1 | Entered Level 1 of the Shoals
 19128 | Lair:3   | Received a gift from Okawaru
 19183 | Shoals:1 | Reached XP level 16. HP: 90/158 MP: 22/22
 19354 | Shoals:1 | Reached skill level 10 in Fighting
 19407 | Shoals:1 | Reached skill level 10 in Armour
 19483 | Shoals:1 | Received a gift from Okawaru
 19497 | Shoals:1 | Reached skill level 10 in Shields
 19544 | Shoals:1 | Reached skill level 11 in Unarmed Combat
 20628 | Shoals:2 | Found a runed translucent gate.
 20628 | Shoals:2 | Found a runed translucent gate.
 20628 | Shoals:2 | Found a runed translucent gate.
 20628 | Shoals:2 | Noticed Eschuoni's ghost (journeyman HOFi)
 22049 | Shoals:3 | Received a gift from Okawaru
 22613 | Orc:2    | Bought the ring of Dawn {Fly rF+ rN+ Will-} for 535 gold
                  | pieces
 22916 | Shoals:4 | Entered Level 4 of the Shoals
 23100 | Shoals:4 | Noticed Ilsuiw
 23131 | Shoals:4 | Reached skill level 12 in Unarmed Combat
 23667 | Shoals:4 | Killed Ilsuiw
 23828 | Shoals:4 | Identified the ring "Ynaithru" {rPois Int+3}
 24385 | Shoals:4 | HP: 5/162 [merfolk aquamancer/+2 rapier of freezing (4)]
 24385 | Shoals:4 | Killed from afar by a wind drake

Illustrated notes

Levels and vault maps discovered:
D:1:      ncdulo_watergridlock, layout_rooms, minmay_lizard_pond
D:2:      layout_loops_ring, uniq_jessica
D:3:      layout_basic, shapermc_ecumenical_altar_hornbeckon, eino_curves_02
D:4:      minmay_recursive_quarters, layout_rooms, uniq_sigmund, uniq_robin
D:5:      layout_gridville, minmay_temple_entry_statues_pillars,
          mrwooster_statue_mirror, minmay_ogre_servants,
          uniq_crazy_yiuf_cottage, uniq_prince_ribbit1, uniq_edmund
D:6:      layout_basic, serial_corexii_hall, chequers_hall_statues_wall_a,
          corexii_hall_statues_x, corexii_hall_statues_l,
          corexii_hall_statues_i, uniq_maggie
D:7:      layout_gridville, mainiacjoe_overflow_paths,
          chequers_serial_rivers_micro_d
D:8:      layout_rooms, mainiacjoe_overflow_six_doors_small,
          chequers_serial_rivers_micro_d, kennysheep_small_spiral
D:9:      layout_loops_ring, minmay_shop_grid_forest
D:10:     layout_basic, trog_ov_bears_minmay, zin_academy, serial_shops, shop,
          minmay_starry_boxes
D:11:     nzn_winding_woodlands_three_and_one [nzn_winding_woodlands_5x15_eye,
          nzn_winding_woodlands_5x15_default, nzn_winding_woodlands_5x15_jagged,
          nzn_winding_woodlands_center_pierced_h], layout_cave_pools,
          erik_lair_orcish_takeover, uniq_snorg, uniq_amaemon
D:12:     layout_basic, david_orc_2, serial_shops, kennysheep_mini_moat,
          nicolae_shop_i_like_big_books, uniq_jorgrun
Temple:   dpeg_three_leaves_temple
Lair:1:   beast_lair_carwin_large_1, layout_cave_pods,
          grunt_forest_small_clearing_treed
Lair:2:   layout_chaotic_city, spider_nest_entry_webs,
          nicolae_volcano_entry_batcave
Lair:3:   layout_hall_layers, elwin_shoals_entry_rooms, nzn_sisyphean_effort,
          uniq_sonja
Lair:4:   layout_regular_city
Lair:5:   evil_forest, layout_cave_shapes, slime_entry_1,
          bh_autumn_forest_stairs, pond
Shoals:1: layout_shoals, nicolae_shoals_shepherds
Shoals:2: layout_shoals, gammafunk_ghost_necromancy,
          nicolae_shoals_lost_giant_amphitheater
Shoals:3: layout_shoals, nicolae_shoals_arrival_archipelago
Shoals:4: shoals_end_grunt_ice, layout_shoals, shoal_ilsuiw
Orc:1:    layout_caves, uniq_fannar
Orc:2:    pf_orc_diabolical, layout_caves, basic_altar

Skill      XL: |  1  2  3  4  5  6  7  8  9 10 11 12 13 14 15 16 |
---------------+-------------------------------------------------+-----
Throwing       | 2 3 4 5 6 7 8 9 10 11 | 11.3
Fighting       | 2 3 4 5 6 7 8 9 11 | 11.1
Armour         | 1 2 3 4 5 6 7 8 9 11 | 11.1
Dodging        | 3 4 5 6 7 8 10 | 10.0
Unarmed Combat | 4 5 6 7 8 9 10 12 | 12.3
Invocations    | 1 2 4 5 6 8 9 10 | 10.0
Shields        | 2 7 9 10 | 10.0

Action                   |  1- 3 |  4- 6 |  7- 9 | 10-12 | 13-15 | 16-18 || total
-------------------------+-------+-------+-------+-------+-------+-------++-------
Melee: Unarmed           |    94 |   106 |   277 |   458 |  1195 |   617 ||  2747
       Punch             |     3 |     2 |    11 |    29 |    12 |       ||    57
Throw: Boomerang         |     3 |    13 |    11 |     3 |       |       ||    30
       Large rock        |       |     2 |    14 |    60 |    99 |    67 ||   242
       Dart              |       |     1 |       |     6 |       |       ||     7
       Javelin           |       |       |       |     4 |     8 |    14 ||    26
Invok: Heroism           |       |       |       |     6 |    14 |     8 ||    28
       Finesse           |       |       |       |     3 |    10 |     8 ||    21
Evoke: Wand              |       |     3 |     9 |       |       |       ||    12
  Use: Scroll            |       |     5 |     7 |    13 |     5 |     6 ||    36
       Potion            |       |       |     3 |     1 |     3 |     8 ||    15
 Stab: Sleeping          |       |     7 |     6 |     7 |     9 |     2 ||    31
       Distracted        |       |       |       |     1 |       |       ||     1
Armor: Robe              |    37 |    36 |    48 |       |       |       ||   121
       Acid dragon scale |       |       |    50 |   175 |   380 |   158 ||   763
Dodge: Dodged            |    57 |    55 |   165 |   445 |   807 |   434 ||  1963
Block: Kite shield       |       |       |       |       |   671 |   676 ||  1347
